 Dungeon Crawl Stone Soup version 0.24-a0-517-gd52e2fb918 (webtiles) character file.

Game seed: 10302863134524423879

6795 vurker the Thaumaturge (level 10, -1/58 HPs)
             Began as a Deep Elf Fire Elementalist on July 22, 2019.
             Was a Follower of Vehumet.
             Shot with a bolt by a yaktaur captain (30 damage)
             ... on level 9 of the Dungeon.
             The game lasted 00:25:10 (10855 turns).

vurker the Thaumaturge (DEFE)                      Turns: 10855, Time: 00:25:11

Health: -1/58      AC:  6    Str:  5    XL:     10   Next: 76%
Magic:  25/36      EV: 12    Int: 24    God:    Vehumet [*.....]
Gold:   447        SH:  5    Dex: 12    Spells: 18/31 levels left

rFire    + + +     SeeInvis +   r - +0 whip (elec)
rCold    . . .     Gourm    .   (no shield)
rNeg     . . .     Faith    .   x - +1 robe "Sossin" {rF+++ Dex-3 Slay-4 SInv}
rPois    .         Spirit   .   k - +0 helmet
rElec    .         Reflect  +   f - scarf {cloud immunity}
rCorr    .         Harm     .   (no gloves)
MR       +....                  v - +1 pair of boots {run}
Stlth    ++........             z - +5 amulet of reflection
HPRegen  0.19/turn              A - ring of magical power
MPRegen  0.25/turn              (no ring)

@: quick
A: no striking features
a: Renounce Religion


You were on level 9 of the Dungeon.
You worshipped Vehumet.
Vehumet was aware of your devotion.
You were not hungry.

You visited 2 branches of the dungeon, and saw 10 of its levels.

You collected 507 gold pieces.
You spent 60 gold pieces at shops.

Inventory:

Hand Weapons
 r - a +0 whip of electrocution (weapon)
   (You took it off Pikel on level 4 of the Dungeon)
Armour
 f - a scarf of cloud immunity (worn)
   (You found it on level 1 of the Dungeon)
 k - a +0 helmet (worn)
   (You found it on level 2 of the Dungeon)
 m - a +0 robe
 v - a +1 pair of boots of running (worn)
   (You found it on level 5 of the Dungeon)
 x - the +1 robe "Sossin" (worn) {rF+++ Dex-3 Slay-4 SInv}
   (You found it on level 6 of the Dungeon)

   It affects your dexterity (-3).
   It affects your accuracy and damage with ranged weapons and melee attacks
   (-4).
   It renders you almost immune to fire.
   It lets you see invisible.
 F - the +1 leather armour of Beauty {MR+}
   (You found it on level 9 of the Dungeon)

   It affects your resistance to hostile enchantments.
Magical Staves
 a - an uncursed staff of cold
   (You found it on level 8 of the Dungeon)
Jewellery
 z - a +5 amulet of reflection (around neck)
   (You found it on level 7 of the Dungeon)
 A - a ring of magical power (left hand)
   (You found it on level 7 of the Dungeon)
Wands
 i - a wand of polymorph (10)
   (You found it on level 7 of the Dungeon)
 n - a wand of paralysis (5)
   (You took it off Ijyb on level 3 of the Dungeon)
 u - a wand of disintegration (25)
   (You found it on level 5 of the Dungeon)
 y - a wand of flame (7)
   (You took it off a big kobold on level 8 of the Dungeon)
 C - a wand of clouds (5)
   (You found it on level 7 of the Dungeon)
Scrolls
 c - a scroll of amnesia
 g - 6 scrolls of remove curse
 j - a scroll of fog
 t - a scroll of magic mapping
 w - 2 scrolls of teleportation
Potions
 b - 2 potions of brilliance
 d - a potion of mutation
 h - a potion of cancellation {unknown}
 l - 2 potions of haste
 o - a potion of magic {unknown}
 p - 5 potions of curing
 q - a potion of heal wounds {unknown}
 s - a potion of flight {unknown}
 B - 2 potions of ambrosia
Comestibles
 e - 19 rations
 D - 3 chunks of flesh


   Skills:
 + Level 4.7 Fighting
 - Level 2.4 Dodging
 - Level 2.4 Stealth
 * Level 11.3 Spellcasting
 * Level 9.4 Conjurations
 * Level 9.9 Fire Magic
 - Level 5.0 Evocations


You had 18 spell levels left.
You knew the following spells:

 Your Spells              Type           Power        Failure   Level  Hunger
a - Flame Tongue          Conj/Fire      #####        1%          1    None
c - Conjure Flame         Conj/Fire      ######..     1%          3    None
q - Sticky Flame          Conj/Fire      ######..     1%          4    None
z - Fireball              Conj/Fire      ######....   2%          5    ####...

Your spell library contained the following spells:

 Spells                   Type           Power        Failure   Level  Hunger
 Sting                    Conj/Pois      ####         1%          1    None
 Magic Dart               Conj           ####         1%          1    None
 Searing Ray              Conj           ######       1%          2    None
 Throw Flame              Conj/Fire      ######       1%          2    None
 Dazzling Spray           Conj/Hex       #####.       1%          3    None
 Inner Flame              Hex/Fire       #####...     1%          3    None
 Iskenderun's Mystic Bla  Conj           ######..     1%          4    None
 Beastly Appendage        Tmut           ##....       4%          1    None
 Sticks to Snakes         Tmut           ##......     7%          2    None
 Force Lance              Conj/Tloc      #####...     7%          4    None
 Fulminant Prism          Conj/Hex       #####.....   7%          4    None
 Spider Form              Tmut/Pois      ##........   14%         3    None
 Ice Form                 Ice/Tmut       ##......     43%         4    None
 Blade Hands              Tmut           ##........   78%         5    ####...


Dungeon Overview and Level Annotations

Branches:
Dungeon (9/15)             Temple (1/1) D:6
   Lair: D:8-11         Orc: D:9-12

Altars:
Ashenzari
Cheibriados
Dithmenos
Elyvilon
Fedhas
Gozag
Hepliaklqana
Kikubaaqudgha
Makhleb
Nemelex Xobeh
Okawaru
Qazlal
Ru
Sif Muna
Trog
Uskayaw
Vehumet
Wu Jian
Xom
Yredelemnul
Zin
The Shining One

Shops:
D:4 :=   D:5 ?   D:8 }   D:9 [


Message History

The flame tongue hits the sky beast!
You kill the sky beast!
Vehumet accepts your kill.
A troll comes into view.
Aim: a troll (hasn't noticed you)
The flame tongue hits the troll!
The troll shouts!
You hear a howl!
You can't see any susceptible monsters within range! (Use Z to cast anyway.)
The troll is too close now for your liking.
Aim: a troll (lightly wounded)
The flame tongue hits the troll but does no damage.
Aim: a troll (lightly wounded)
The flame tongue hits the troll!
The troll barely misses you. The troll claws you! The troll closely misses you.
Aim: a troll (moderately wounded)
The flame tongue hits the troll.
You block the troll's attack. The troll claws you! x2
* * * LOW HITPOINT WARNING * * *
Aim: a troll (heavily wounded)
The sticky flame hits the troll!
The troll is covered in liquid flames!
The troll burns!
The troll bites you.
* * * LOW HITPOINT WARNING * * *
The troll barely misses you. The troll closely misses you.
The troll burns!
You see here a hound skeleton.
Aim: a troll (severely wounded, covered in liquid flames)
The fireball explodes!
The fireball engulfs the troll!
You kill the troll!
Vehumet accepts your kill.
You hear a howl!
A wolf comes into view.
Okay, then.
Aim: a wolf The flame tongue hits the wolf.
Aim: a wolf (moderately wounded)
The flame tongue hits the wolf.
The wolf bites you but does no damage.
Aim: a wolf (moderately wounded)
The sticky flame hits the wolf!
The wolf is covered in liquid flames!
The wolf burns!
You kill the wolf!
Vehumet accepts your kill. Vehumet offers you knowledge of Sting.
You feel your power returning.
The yaktaur captain is too close now for your liking.
Aim: a yaktaur captain, wielding a +0 arbalest (hasn't noticed you)
The flame tongue misses the yaktaur captain.
The yaktaur captain shouts!
The yaktaur captain shoots a bolt.
The bolt hits you!!
Ouch! That really hurt!
You die...

...####..# #...#
#..# .... #..#
##...# #..# .....
..... .#...# #..#
###.. ............
....# ... ....
....≈...≈≈...
.c...# .... ≈≈≈.
#...# #..# #..
#†..# #..# #..
≈≈≈≈...#...# #..#
#.. ≈≈≈....#@..#
#..# #..
≈≈.≈≈.(#...# #..#
#.. .≈≈≈≈..#...#
#..# #..
≈.≈≈≈≈.#...#####..#
#..
.≈≈≈≈≈≈#..........#
#..
..≈≈≈≈≈#>.........#
#..
..≈≈≈≈≈...........#
#..
.≈≈≈≈≈≈#..........#
#..
≈.≈≈≈≈≈#..........#
#..


You could see a yaktaur captain.

Vanquished Creatures
  A two-headed ogre (D:8)
  Pikel (D:4)
  2 ugly things
  A troll (D:9)
  Grinder (D:6)
  Prince Ribbit (D:5)
  Eustachio (D:5)
  Menkaure (D:5)
  Edmund (D:5)
  A water moccasin (D:6)
  4 ice beasts
  A slave (D:4)
  4 sky beasts
  2 phantoms
  A wolf (D:9)
  3 centaurs (D:8)
  An ogre (D:9)
  2 crocodiles
  2 big kobolds (D:8)
  2 bullfrogs
  A gnoll sergeant (D:9)
  Blork the orc (D:4)
  2 scorpions
  6 killer bees (D:5)
  7 wights
  An electric eel (D:9)
  A howler monkey (D:7)
  5 crimson imps
  A bullfrog zombie (D:7)
  Crazy Yiuf (D:7)
  3 hounds
  An orc wizard (D:9)
  A bullfrog skeleton (D:9)
  4 orc priests
  2 iguanas
  Ijyb (D:3)
  8 worker ants
  3 gnolls (D:9)
  7 adders
  2 shadow imps (D:6)
  An ooze (D:3)
  3 dart slugs
  3 worms
  2 leopard geckos
  9 orcs
  7 giant cockroaches
  3 goblins
  6 hobgoblins
  5 jackals
  12 kobolds
  5 quokkas
  A ball python (D:3)
  9 bats
  5 frilled lizards
  A leopard gecko skeleton (D:6)
  A leopard gecko zombie (D:5)
  2 quokka skeletons
  4 rats (D:1)
170 creatures vanquished.

Vanquished Creatures (others)
  Joseph (D:7)
1 creature vanquished.

Grand Total: 171 creatures vanquished

Notes
Turn   | Place    | Note
-------+----------+-------------------------------------------
     0 | D:1      | vurker the Deep Elf Fire Elementalist began the quest for
                  | the Orb.
     0 | D:1      | Reached XP level 1. HP: 10/10 MP: 6/6
   413 | D:1      | Reached XP level 2. HP: 15/15 MP: 5/8
   445 | D:1      | Learned a level 2 spell: Throw Flame
  1021 | D:2      | Reached XP level 3. HP: 20/20 MP: 7/10
  1030 | D:2      | Learned a level 3 spell: Conjure Flame
  1426 | D:2      | Reached skill level 4 in Spellcasting
  1595 | D:2      | Found a faded altar of an unknown god.
  1634 | D:2      | Reached XP level 4. HP: 19/24 MP: 2/12
  1829 | D:2      | Learned a level 4 spell: Sticky Flame
  2084 | D:3      | Reached skill level 1 in Fighting
  2136 | D:3      | Noticed Ijyb
  2148 | D:3      | Killed Ijyb
  2621 | D:3      | Found an ancient bone altar of Kikubaaqudgha.
  2654 | D:3      | Found an opulent altar of Gozag.
  2657 | D:3      | Found a sparkling altar of Nemelex Xobeh.
  2658 | D:3      | Found a hide-covered altar of Uskayaw.
  2658 | D:3      | Found a shadowy altar of Dithmenos.
  2658 | D:3      | Found a shimmering altar of Xom.
  2660 | D:3      | Found a basalt altar of Yredelemnul.
  2661 | D:3      | Found a sacrificial altar of Ru.
  2662 | D:3      | Found a glowing golden altar of the Shining One.
  2663 | D:3      | Found a radiant altar of Vehumet.
  3095 | D:4      | Noticed a slave
  3095 | D:4      | Noticed a slave
  3097 | D:4      | Noticed a slave
  3111 | D:4      | Killed a slave
  3216 | D:4      | Reached XP level 5. HP: 24/29 MP: 4/13
  3316 | D:4      | Noticed Pikel
  3317 | D:4      | Noticed a slave
  3344 | D:4      | Killed Pikel
  3344 | D:4      | Reached skill level 5 in Spellcasting
  3344 | D:4      | Reached skill level 5 in Fire Magic
  3344 | D:4      | Reached XP level 6. HP: 35/35 MP: 3/16
  3344 | D:4      | Reached XP level 7. HP: 39/39 MP: 3/17
  3533 | D:4      | Found Lydo's Book Shoppe.
  3674 | D:4      | Found Qour's Jewellery Boutique.
  3889 | D:4      | Noticed Blork the orc
  3906 | D:4      | Killed Blork the orc
  3906 | D:4      | Reached skill level 6 in Spellcasting
  3947 | D:4      | Found a deep blue altar of Sif Muna.
  4205 | D:5      | Entered Level 5 of the Dungeon
  4226 | D:5      | Noticed Prince Ribbit
  4232 | D:5      | Killed Prince Ribbit
  4308 | D:5      | Reached skill level 5 in Conjurations
  4331 | D:5      | Found Beschull's Magic Scroll Shop.
  4339 | D:5      | Identified a +1 pair of boots of running (You found it on
                  | level 5 of the Dungeon)
  4345 | D:5      | Bought a scroll of teleportation for 36 gold pieces
  4345 | D:5      | Bought a scroll of identify for 24 gold pieces
  4551 | D:5      | Reached XP level 8. HP: 37/45 MP: 14/20
  4631 | D:5      | Noticed Eustachio
  4667 | D:5      | Killed Eustachio
  4667 | D:5      | Reached skill level 7 in Spellcasting
  4747 | D:5      | Noticed Menkaure
  4775 | D:5      | Killed Menkaure
  4848 | D:5      | Learned a level 5 spell: Fireball
  5222 | D:5      | Found an opulent altar of Gozag.
  5413 | D:5      | Noticed Edmund
  5427 | D:5      | Killed Edmund
  5427 | D:5      | Reached skill level 8 in Spellcasting
  5740 | D:6      | Found a glowing silver altar of Zin.
  5756 | D:6      | Reached XP level 9. HP: 50/50 MP: 13/23
  5826 | D:6      | Found a staircase to the Ecumenical Temple.
  5846 | Temple   | Entered the Ecumenical Temple
  6219 | D:3      | Became a worshipper of Vehumet
  6289 | D:6      | Noticed Grinder
  6297 | D:6      | Paralysed by Grinder for 7 turns
  6302 | D:6      | Killed Grinder
  6710 | D:6      | Got a shadowed robe
  6721 | D:6      | Identified the cursed +1 robe "Sossin" {rF+++ Dex-3 Slay-4
                  | SInv} (You found it on level 6 of the Dungeon)
  6789 | D:6      | Reached skill level 9 in Spellcasting
  7828 | D:7      | Noticed Joseph
  7841 | D:7      | Killed Joseph
  8234 | D:7      | Found a runed translucent door.
  8235 | D:7      | Noticed Crazy Yiuf
  8344 | D:7      | Killed Crazy Yiuf
  8417 | D:8      | Reached * piety under Vehumet
  8417 | D:8      | Offered knowledge of Shock by Vehumet.
  8476 | D:8      | Reached skill level 5 in Evocations
  8762 | D:8      | Reached XP level 10. HP: 32/56 MP: 25/25
  8790 | D:8      | Reached skill level 10 in Spellcasting
  8927 | D:8      | Found Axatzoy's Gadget Shoppe.
  9027 | D:8      | Noticed a two-headed ogre
  9049 | D:8      | Killed a two-headed ogre
  9935 | D:9      | Noticed a yaktaur captain
  9935 | D:9      | Noticed a flayed ghost
  9935 | D:9      | Noticed a cyan ugly thing
  9935 | D:9      | Noticed a red ugly thing
 10032 | D:8      | Killed a red ugly thing
 10309 | D:9      | Found Okhir's Antique Armour Shop.
 10350 | D:9      | Killed a cyan ugly thing
 10350 | D:9      | Reached skill level 11 in Spellcasting
 10359 | D:9      | Got a bronze leather armour
 10384 | D:8      | Identified the +1 leather armour of Beauty {MR+} (You found
                  | it on level 9 of the Dungeon)
 10838 | D:9      | Offered knowledge of Sting by Vehumet.
 10855 | D:9      | Shot with a bolt by a yaktaur captain

Levels and vault maps discovered:
D:1:      minmay_arrival_hallway, layout_basic, hangedman_decor_lopped
D:2:      layout_basic, chequers_ecumenical_altar_twisty
D:3:      layout_loops_ring, minitemple, corexii_corridor_pit,
          nrook_mini_vaults, uniq_ijyb
D:4:      layout_gridville, tgw_sif, serial_shops, nicolae_shop_waterfront,
          shop_fountains, minmay_cupped, uniq_pikel
D:5:      layout_basic, first_ration, serial_shops, shop,
          nicolae_gozag_cash_rules_everything_around_me, uniq_eustachio,
          uniq_menkaure, uniq_prince_ribbit1, uniq_blork_the_orc, uniq_edmund
D:6:      layout_loops_cross, kennysheep_little_box,
          minmay_temple_entry_drinking_statues, kennysheep_generic_room_4,
          uniq_grinder
D:7:      layout_cave_pools, uniq_joseph, uniq_crazy_yiuf_cottage
D:8:      layout_cave_pools, serial_shops, shop, blue_anna_alchemist
          [blue_anna_fruit_fields, blue_anna_fruit_fields],
          kennysheep_nondescript
D:9:      layout_long_grid, erik_lair_island, serial_shops, shop, wad_scary_box
Temple:   jpeg_temple_alley_garden

Skill      XL: |  1  2  3  4  5  6  7  8  9 10 |
---------------+-------------------------------+-----
Conjurations   | 2 3 4 5 6 8 9 |  9.4
Spellcasting   | 4 5 6 8 9 11 | 11.3
Fire Magic     | 4 5 6 7 8 9 |  9.9
Fighting       | 1 2 3 4 |  4.7
Evocations     | 2 3 5 |  5.0
Dodging        | |  2.4
Stealth        | |  2.4

Action                   |  1- 3 |  4- 6 |  7- 9 | 10-12 || total
-------------------------+-------+-------+-------+-------++-------
Melee: Dagger            |     1 |    21 |       |       ||    22
       Whip              |       |       |    48 |    24 ||    72
 Cast: Flame Tongue      |    82 |    47 |   237 |   106 ||   472
       Sticky Flame      |       |     2 |    13 |    10 ||    25
       Conjure Flame     |       |     2 |     6 |     1 ||     9
       Throw Flame       |       |       |     8 |       ||     8
       Fireball          |       |       |     2 |    11 ||    13
Evoke: Wand              |       |       |       |     5 ||     5
  Use: Scroll            |       |       |    13 |     5 ||    18
 Stab: Sleeping          |     1 |       |       |       ||     1
       Paralysed         |       |       |       |     8 ||     8
  Eat: Chunk             |     2 |     2 |     4 |     4 ||    12
       Ration            |       |     1 |     4 |     1 ||     6
Armor: Robe              |     7 |    13 |    41 |    16 ||    77
Dodge: Dodged            |    27 |    28 |    86 |    26 ||   167
Block: Other             |       |       |    10 |     9 ||    19
       Reflection        |       |       |     3 |       ||     3

Table legend:
 A = Non-vault XP
 B = Vault XP
 C = Vault XP percentage of total XP
 D = Non-vault monster count
 E = Vault monster count
 F = Vault count percentage of total count
                 A         B        C        D         E       F
            +---------+---------+-------+---------+---------+-------
      Total |    5500 |    4208 |  43.3 |     151 |      19 |  11.2
            +---------+---------+-------+---------+---------+-------
        D:1 |      38 |       0 |   0.0 |      21 |       0 |   0.0
        D:2 |      80 |       0 |   0.0 |      30 |       0 |   0.0
        D:3 |      20 |      33 |  62.3 |       7 |       1 |  12.5
        D:4 |      49 |     736 |  93.8 |       3 |       3 |  50.0
        D:5 |     808 |     798 |  49.7 |      16 |       4 |  20.0
        D:6 |    1372 |     295 |  17.7 |      27 |       1 |   3.6
        D:7 |     166 |     528 |  76.1 |       5 |       2 |  28.6
        D:8 |    2295 |     681 |  22.9 |      28 |       2 |   6.7
        D:9 |     672 |    1137 |  62.9 |      14 |       6 |  30.0
            +---------+---------+-------+---------+---------+-------
